 Dungeon Crawl Stone Soup version 0.29-a0-598-gd8304a5bf4 (webtiles) character file.

Game seed: 16704667840419383273

32 chronatog the Chopper (level 3, -2/25 HPs)
             Began as a Gnoll Wanderer on June 16, 2022.
             Slain by a worm (4 damage)
             ... on level 2 of the Dungeon.
             The game lasted 00:07:09 (1070 turns).

chronatog the Chopper (Gnoll Wanderer)              Turns: 1070, Time: 00:07:10

Health: -2/25      AC:  3    Str: 14    XL:     3   Next: 27%
Magic:  15/16      EV: 11    Int: 12    God:
Gold:   45         SH:  0    Dex:  9    Spells: 5/7 levels left

rFire   . . .      SeeInvis .   a - +2 hand axe
rCold   . . .      Faith    .   (no shield)
rNeg    . . .      Spirit   .   e - +0 leather armour
rPois   .          Reflect  .   (no helmet)
rElec   .          Harm     .   (no cloak)
rCorr   .          Rampage  .   (no gloves)
Will    .....                   (no boots)
Stlth   +.........              (no amulet)
HPRegen 0.08/turn               f - ring of magical power
MPRegen 0.15/turn               (no ring)

@: wereblooded
A: fangs 1, strong nose, distributed training
a: no special abilities


You were on level 2 of the Dungeon.
You visited 1 branch of the dungeon, and saw 2 of its levels.

You collected 45 gold pieces.

Inventory:

Hand Weapons
 a - a +2 hand axe (weapon)
Missiles
 b - 9 poisoned darts (quivered)
Armour
 e - a +0 leather armour (worn)
Jewellery
 f - a ring of magical power (left hand)
Scrolls
 c - a scroll of vulnerability {unknown}
 g - 2 scrolls of identify {unknown}
 h - a scroll of fear {unknown}
Potions
 d - a potion of attraction


   Skills:
 + Level 0.7 Fighting
 + Level 0.7 Short Blades
 + Level 0.7 Long Blades
 + Level 6.5 Axes
 + Level 0.7 Maces & Flails
 + Level 0.7 Polearms
 + Level 0.7 Staves
 + Level 0.7 Slings
 + Level 0.7 Bows
 + Level 0.7 Crossbows
 + Level 4.5 Throwing
 + Level 0.7 Armour
 + Level 0.7 Dodging
 + Level 0.7 Stealth
 + Level 0.7 Shields
 + Level 0.7 Unarmed Combat
 + Level 2.8 Spellcasting
 + Level 0.5 Conjurations
 + Level 0.5 Hexes
 + Level 0.5 Summonings
 + Level 0.5 Necromancy
 + Level 0.5 Translocations
 + Level 3.7 Transmutations
 + Level 0.5 Fire Magic
 + Level 0.5 Ice Magic
 + Level 0.5 Air Magic
 + Level 0.5 Earth Magic
 + Level 0.5 Poison Magic
 + Level 4.5 Invocations
 + Level 0.7 Evocations


You had 5 spell levels left.
You knew the following spells:

 Your Spells              Type           Power      Damage    Failure   Level
a - Wereblood             Tmut           10%        N/A       11%         2

Your spell library contained the following spells:

 Spells                   Type           Power      Damage    Failure   Level
 Passwall                 Tmut/Erth      5%         N/A       21%         2
 Apportation              Tloc           4%         N/A       26%         1
 Necrotize                Necr           8%         1d4       26%         1
 Summon Small Mammal      Summ           8%         N/A       26%         1
 Ensorcelled Hibernation  Hex/Ice        4%         N/A       36%         2
 Spider Form              Tmut/Pois      6%         N/A       36%         3
 Anguish                  Hex/Necr       1%         N/A       95%         4


Dungeon Overview and Level Annotations

Branches:
Dungeon (2/15)

Altars:

Shops:
D:1 (


Innate Abilities, Weirdness & Mutations

You have very sharp teeth.
Your uncanny sense of smell can sniff out nearby items.
Your experience applies equally to all skills.


Message History

The worm bites you!
You hit the worm.
The worm is lightly wounded.
You hit the worm.
The worm is moderately wounded.
The worm bites you!
You are too injured to fight recklessly!
You are too injured to fight recklessly!
You are too injured to fight recklessly!
Unknown command.
Casting: Wereblood (safe; 11% risk of failure)
Confirm with . or Enter, or press ? or * to list all spells.
Okay, then.
Unknown command.
Casting: Wereblood (safe; 11% risk of failure)
Confirm with . or Enter, or press ? or * to list all spells.
Your blood is infused with primal strength.
You slash the worm!
The worm is severely wounded.
The worm bites you but does no damage.
You barely miss the worm.
The worm is heavily wounded.
You hit the worm.
The worm is severely wounded.
The worm closely misses you.
You hit the worm.
The worm is almost dead.
The worm bites you but does no damage.
You hit the worm.
The worm is almost dead.
You hit the worm but do no damage.
The worm is almost dead.
The worm bites you!
* * * LOW HITPOINT WARNING * * *
You barely miss the worm.
The worm is almost dead.
You hit the worm. You bite the worm.
The worm is almost dead.
The worm bites you.
You die...

###### #....#
#....#
#....#########
+.....[.@w...#
##....#######.#
#...........#.#
....#######..##.#
### #####.##.#
#........#
#.###....#
#......# #.####.#


You could see a worm.

Vanquished Creatures
  A dart slug (D:1)
  4 endoplasms (D:1)
  2 giant cockroaches (D:1)
  5 goblins (D:1)
  4 kobolds (D:1)
  A quokka (D:1)
  2 ball pythons (D:1)
  3 bats (D:1)
  2 frilled lizards (D:1)
  4 rats (D:1)
28 creatures vanquished.

Notes
Turn   | Place    | Note
-------+----------+-------------------------------------------
     0 | D:1      | chronatog the Gnoll Wanderer began the quest for the Orb.
     0 | D:1      | chronatog set off with the following items: a +2 hand axe,
                  | 9 poisoned darts, a +0 dagger, a potion of attraction, a +0
                  | leather armour; and the following spells available to
                  | memorise: Wereblood, Passwall.
     0 | D:1      | Reached XP level 1. HP: 13/13 MP: 4/4
    85 | D:1      | Reached XP level 2. HP: 13/19 MP: 5/5
   183 | D:1      | Learned a level 2 spell: Wereblood
   666 | D:1      | Reached XP level 3. HP: 22/25 MP: 7/7
   738 | D:1      | Found Sehimm's Weapon Boutique.
  1068 | D:2      | HP: 1/25 [worm (7)]
  1070 | D:2      | Slain by a worm

Illustrated notes

Levels and vault maps discovered:
D:1:      minmay_arrival_stair_chambers, layout_loops_ring, serial_shops,
          nicolae_shop_competitors_out_of_business, minivault_24,
          hangedman_decor_riveting
D:2:      layout_basic, basic_altar, nicolae_concentric_dashed_squares_mild,
          uniq_natasha

Action                   || total
-------------------------++-------
Melee: Hand axe          ||    65
       Bite              ||     8
 Cast: Wereblood         ||     1
Armor: Leather armour    ||    21
Dodge: Dodged            ||    29

Table legend: (Time is in decaauts)
 A = Elapsed time spent in this place.
 B = Non-inter-level travel time spent in this place.
 C = Inter-level travel time spent in this place.
 D = Time resting spent in this place.
 E = Time spent auto-exploring this place.
 F = Levels seen in this place.
 G = Mean time per level.
                   A        B        C        D        E       F      G
               +--------+--------+--------+--------+--------+-----+--------+
         Total |   1067 |   1042 |     25 |    152 |    714 |   2 |  533.5 |
       Dungeon |   1067 |   1042 |     25 |    152 |    714 |   2 |  533.5 |
               +--------+--------+--------+--------+--------+-----+--------+

Top non-repeatable levels by time:
     D:1: 1031 daAuts
     D:2: 35 daAuts
